 Dungeon Crawl Stone Soup version 0.28.0-45-g0d030f2227 (webtiles) character file.

Game seed: 3585102067060231732

16191 NinjaNoafa the Fighter (level 12, -10/98 (106) HPs)
             Began as a Minotaur Fighter on Apr 15, 2022.
             Was a Priest of Wu Jian.
             Shot with an arrow by Nessos (13 damage)
             ... on level 12 of the Dungeon.
             The game lasted 00:33:31 (13453 turns).

NinjaNoafa the Fighter (Minotaur Fighter)          Turns: 13453, Time: 00:33:33

HP:   -10/98 (106)  AC: 16    Str: 24    XL:     12   Next: 7%
MP:   11/11         EV: 14    Int:  7    God:    Wu Jian [***...]
Gold: 469           SH:  0    Dex: 18    Spells: 11/11 levels left

rFire   . . .      SeeInvis .   a - +4 dire flail (vamp)
rCold   + . .      Faith    .   (shield currently unavailable)
rNeg    . . .      Spirit   .   F - +0 acid dragon scales
rPois   +          Reflect  .   (helmet unavailable)
rElec   .          Harm     .   C - scarf {repulsion}
rCorr   +          Rampage  .   (no gloves)
Will    .....                   Z - +2 pair of boots
Stlth   ++........              g - amulet of magic regeneration
HPRegen 0.26/turn               B - +6 ring of dexterity
MPRegen 0.52/turn               p - +4 ring of protection

@: slowed, drained, repel missiles, very slow
A: horns 3, retaliatory headbutt, clever 1, cold resistance 1, poison resistance
a: Renounce Religion, Wall Jump, Serpent's Lash


You were on level 12 of the Dungeon.
You worshipped Wu Jian.
Wu Jian was most pleased with you.
You visited 1 branch of the dungeon, and saw 12 of its levels.

You collected 653 gold pieces.
You spent 184 gold pieces at shops.

Inventory:

Hand Weapons
 a - a +4 vampiric dire flail (weapon)
 c - a +3 vorpal shortbow
 e - a +6 spear of venom
 f - a +3 battleaxe
 h - a +2 dagger of venom
 r - the +1 great mace "Ytyv" {vorpal, rElec}
   (You found it on level 11 of the Dungeon)

   It inflicts extra damage upon your enemies.
   rElec:     It insulates you from electricity.
 E - a +4 quarterstaff
 G - a +4 whip
 K - a +2 glaive of venom
Missiles
 i - 243 stones
 l - 22 sling bullets
 q - 10 boomerangs
 v - 4 curare-tipped darts
 A - 25 poisoned darts (quivered)
 P - 72 arrows
 S - 3 throwing nets
Armour
 x - a +1 buckler of protection
 C - a scarf of repulsion (worn)
 F - +0 acid dragon scales (worn)
 U - a +0 scale mail of cold resistance
 V - a +2 robe of cold resistance
 X - a +0 troll leather armour
 Z - a +2 pair of boots (worn)
Jewellery
 g - an amulet of magic regeneration (around neck)
 p - a +4 ring of protection (right hand)
 s - a ring of ice
 w - a ring of protection from cold
 B - a +6 ring of dexterity (left hand)
 D - a +4 ring of evasion
 I - a ring of see invisible
 L - a +6 ring of strength
 N - a ring of protection from fire
Wands
 b - a wand of iceblast (3)
 t - a wand of digging (13)
 z - a wand of flame (62)
 H - a wand of charming (7)
Scrolls
 d - 2 scrolls of magic mapping
 j - 3 scrolls of noise
 n - a scroll of vulnerability
 o - 4 scrolls of fear
 u - 2 scrolls of holy word
 y - 5 scrolls of identify
 J - a scroll of torment
Potions
 m - 3 potions of flight
 R - 3 potions of curing
 Y - 2 potions of invisibility


   Skills:
 - Level 10.0 Fighting
 * Level 7.4 Maces & Flails
 - Level 9.0 Polearms
 - Level 5.2(5.9) Slings
 - Level 7.0 Bows
 - Level 3.9(5.0) Throwing
 - Level 10.0 Armour
 - Level 5.0 Dodging
 - Level 4.0 Stealth
 - Level 7.0 Shields
 + Level 5.3 Evocations


You had 11 spell levels left.
You didn't know any spells.
Your spell library contained the following spells:

 Spells                   Type           Power      Damage    Failure   Level
 Animate Skeleton         Necr           0%         N/A       50%         1
 Shock                    Conj/Air       0%         1d3       50%         1
 Sting                    Tmut/Pois      0%         1d3       50%         1
 Summon Small Mammal      Summ           0%         N/A       50%         1
 Blink                    Tloc           0%         N/A       63%         2
 Corpse Rot               Necr/Air       0%         N/A       63%         2
 Poisonous Vapours        Pois/Air       0%         N/A       63%         2
 Call Canine Familiar     Summ           0%         N/A       86%         3
 Lesser Beckoning         Tloc           0%         N/A       86%         3
 Summon Guardian Golem    Hex/Summ       0%         N/A       86%         3
 Swiftness                Air            0%         N/A       86%         3
 Airstrike                Air            0%         N/A       99%         4
 Olgreb's Toxic Radiance  Pois           0%         N/A       99%         4
 Petrify                  Tmut/Erth      0%         N/A       99%         4
 Manifold Assault         Tloc           0%         N/A       100%        5
 Metabolic Englaciation   Hex/Ice        0%         N/A       100%        5
 Summon Forest            Summ/Tloc      0%         N/A       100%        5
 Summon Mana Viper        Hex/Summ       0%         N/A       100%        5
 Statue Form              Tmut/Erth      0%         N/A       100%        6
 Summon Cactus Giant      Summ           0%         N/A       100%        6


Dungeon Overview and Level Annotations

Branches:
Dungeon (12/15)            Temple (0/1) D:7            Lair (0/6) D:8
    Orc (0/2) D:12

Altars:
Cheibriados
Fedhas
Gozag
Makhleb
Ru
Sif Muna
Uskayaw
Wu Jian
Xom

Shops:
D:9 *   D:12 (*

Annotations:
D:12 3 runed translucent doors, Josephine, Nessos


Innate Abilities, Weirdness & Mutations

You have a pair of large horns on your head.
You reflexively headbutt those who attack you in melee.
Your mind is acute. (Int +2)
Your flesh is cold resistant. (rC+)
Your system is resistant to poisons. (rPois)


Message History

Okay, then.
Your +6 spear of venom stops dripping with poison.
You feel a sense of dread.
a - a +4 vampiric dire flail (weapon)
The wraith hits you but does no damage. x2; The wraith hits you.
The wraith drains your vigour!
You feel as though you will be slow longer.
You bludgeon Josephine!!
Josephine is almost dead.
Josephine misses you. The wraith hits you but does no damage.
The wraith hits you. The wraith misses you. You furiously retaliate!
You headbutt the wraith! Josephine draws life force from you!!
* * * LOW HITPOINT WARNING * * *
Josephine is healed by the life force!
The wraith closely misses you. You furiously retaliate!
You headbutt the wraith!
As you read the scroll of teleportation, it crumbles to dust.
You feel strangely unstable. The wraith barely misses you. The wraith hits you.
* * * LOW HITPOINT WARNING * * *
The wraith drains your vigour!
You feel as though you will be slow longer.
Josephine drinks a potion.
Josephine is healed!
The wraith misses you. The wraith hits you but does no damage.
You spin and attack the wraith.
You closely miss the wraith.
You headbutt the wraith, but do no damage.
The wraith is heavily damaged.
The wraith closely misses you.
Josephine gestures at you while chanting.
The ghostly flame explodes!
The ghostly fireball engulfs you!!
You feel drained.
* * * LOW HITPOINT WARNING * * *
The ghostly fireball engulfs the wraith.
The wraith completely resists.
The wraith misses you.
Your surroundings suddenly seem different.
A troll and Nessos come into view.
Found a scroll of identify and 17 gold pieces.
Found Qut Akhlo's Weapon Shop.
Found a runed translucent gate.
The troll shouts!
Nessos wields a +1 longbow of flaming.
It bursts into flame!
Nessos shoots an arrow.
The arrow hits you!
You die...

#############
....$.......
#...........
#....∩......
###...........
##..?T.........
K##....@.....c.
#K#............
KK+............
..+..####......
K.+.# .#####
#K#. .# K## #
##


You could see Nessos, 2 kobold demonologists, a troll and 5 kobold brigands.

Vanquished Creatures
  Harold (D:9)
  A boulder beetle (D:10)
  A two-headed ogre (D:12)
  A death yak (D:8)
  Nergalle (D:10)
  An elephant (D:8)
  2 gargoyles
  A komodo dragon (D:11)
  A kobold demonologist (D:10)
  3 trolls
  2 hornets
  Grinder (D:5)
  2 shadows
  2 wyverns
  3 wraiths
  16 yaks
  A basilisk (D:8)
  2 steam dragons (D:6)
  3 vampire mosquitoes (D:12)
  The ghost of NinjaNoafa the Sneak, an amateur KoBr (D:3)
  2 acid dragons
  3 water moccasins
  3 floating eyes (D:9)
  2 black bears
  3 orc warriors
  A sky beast (D:7)
  An ice beast (D:6)
  A necrophage (D:7)
  7 ogres
  2 centaurs (D:9)
  5 kobold brigands
  4 gnoll sergeants
  A bullfrog (D:7)
  A scorpion (D:7)
  2 wyvern zombies
  16 killer bees
  4 wights (D:7)
  6 howler monkeys
  8 centaur zombies
  A bullfrog zombie (D:3)
  4 hounds
  2 jellies (D:4)
  7 orc priests
  2 bullfrog skeletons (D:5)
  3 gnoll shamans (D:9)
  3 iguanas
  6 orc wizards
  3 howler monkey zombies
  Robin (D:4)
  8 gnolls
  4 adders
  An ufetubus (D:4)
  A worm (D:2)
  A dart slug (D:10)
  26 orcs
  4 bats
  18 endoplasms
  4 giant cockroaches
  5 hobgoblins
  5 jackals
  30 kobolds
  3 quokkas
  8 ball pythons
  5 frilled lizards
  17 goblins
  4 rats
294 creatures vanquished.

Vanquished Creatures (others)
  An orc (D:3)
  11 fungi
  A plant (D:3)
  4 toadstools (D:4)
17 creatures vanquished.

Grand Total: 311 creatures vanquished

Notes
Turn   | Place    | Note
-------+----------+-------------------------------------------
     0 | D:1      | NinjaNoafa the Minotaur Fighter began the quest for the
                  | Orb.
     0 | D:1      | Reached XP level 1. HP: 19/19 MP: 0/0
   137 | D:1      | Reached skill level 1 in Polearms
   193 | D:1      | Reached XP level 2. HP: 27/27 MP: 1/1
   895 | D:2      | Reached XP level 3. HP: 33/33 MP: 2/2
  1537 | D:3      | Reached XP level 4. HP: 40/40 MP: 3/3
  1792 | D:3      | Reached XP level 5. HP: 26/47 MP: 4/4
  2167 | D:3      | Found a runed translucent gate.
  2168 | D:3      | Found a runed translucent gate.
  2168 | D:3      | Found a runed translucent gate.
  2169 | D:3      | Noticed NinjaNoafa's ghost (amateur KoBr)
  2213 | D:3      | Found a faded altar of an unknown god.
  2244 | D:3      | Got Plato's Handbook of Unholy Secrets
  2820 | D:3      | Killed NinjaNoafa's ghost
  2821 | D:3      | Reached skill level 5 in Fighting
  2821 | D:3      | Reached skill level 1 in Slings
  2821 | D:3      | Reached XP level 6. HP: 55/56 MP: 5/5
  2892 | D:4      | Reached skill level 5 in Shields
  3021 | D:4      | Reached skill level 5 in Armour
  3228 | D:4      | Noticed Robin
  3242 | D:4      | Killed Robin
  3423 | D:4      | Reached skill level 5 in Polearms
  3474 | D:4      | Reached XP level 7. HP: 61/61 MP: 6/6
  3518 | D:4      | Found a sacrificial altar of Ru.
  4050 | D:5      | Entered Level 5 of the Dungeon
  4274 | D:5      | Noticed Grinder
  4290 | D:5      | Killed Grinder
  4609 | D:5      | Found a shimmering blue altar of Sif Muna.
  4610 | D:5      | Noticed a wyvern
  4617 | D:5      | Killed a wyvern
  4618 | D:5      | Reached XP level 8. HP: 67/71 MP: 7/7
  5247 | D:6      | Gained mutation: You have hidden genetic defects. [potion
                  | of mutation]
  5509 | D:6      | Reached skill level 5 in Slings
  5520 | D:6      | Gained mutation: You are dopey. (Int -2) [hidden defects]
  5960 | D:6      | Found an ornate altar of the Wu Jian Council.
  5994 | D:6      | Became a worshipper of the Wu Jian Council
  6304 | D:6      | Found a burning altar of Makhleb.
  6395 | D:6      | Reached XP level 9. HP: 59/79 MP: 8/8
  6397 | D:6      | Gained mutation: You are clumsy. (Dex -2) [hidden defects]
  6397 | D:6      | Lost mutation: You have hidden genetic defects. [hidden
                  | defects expressed]
  6722 | D:6      | You fall into a shaft and drop 3 floors!
  6743 | D:9      | Noticed Harold
  6743 | D:9      | HP: 2/81 [Harold/+0 glaive (10)]
  6781 | D:9      | Found a hide-covered altar of Uskayaw.
  6801 | D:9      | HP: 3/81 [acid dragon/splash of acid (9)]
  7202 | D:7      | Reached skill level 1 in Evocations
  7271 | D:7      | Reached skill level 1 in Throwing
  7761 | D:7      | Found a staircase to the Ecumenical Temple.
  8177 | D:7      | Found a blossoming altar of Fedhas.
  8177 | D:7      | Found an opulent altar of Gozag.
  8721 | D:8      | Reached * piety under Wu Jian
  8867 | D:8      | Found a staircase to the Lair.
  8867 | D:8      | Noticed an elephant
  8867 | D:8      | Noticed a death yak
  8983 | D:8      | Killed an elephant
  9005 | D:8      | Killed a death yak
  9006 | D:8      | Reached XP level 10. HP: 56/91 MP: 9/9
  9111 | D:8      | Reached skill level 5 in Evocations
  9119 | D:8      | Reached skill level 1 in Dodging
  9267 | D:8      | Found a shimmering altar of Xom.
  9705 | D:9      | Paralysed by a floating eye for 2 turns
  9716 | D:9      | Paralysed by a hornet for 3 turns
  9948 | D:9      | Paralysed by a floating eye for 2 turns
 10141 | D:9      | Lost mutation: You are clumsy. (Dex -2) [potion of
                  | mutation]
 10141 | D:9      | Lost mutation: You are dopey. (Int -2) [potion of mutation]
 10141 | D:9      | Gained mutation: Your mind is acute. (Int +2) [potion of
                  | mutation]
 10141 | D:9      | Gained mutation: Your flesh is cold resistant. (rC+)
                  | [potion of mutation]
 10141 | D:9      | Gained mutation: Your system is resistant to poisons.
                  | (rPois) [potion of mutation]
 10141 | D:9      | Gained mutation: You have a pair of large horns on your
                  | head. [potion of mutation]
 10208 | D:9      | Reached skill level 1 in Bows
 10208 | D:9      | Reached skill level 5 in Dodging
 10219 | D:9      | Reached ** piety under Wu Jian
 10547 | D:9      | Reached XP level 11. HP: 90/97 MP: 10/10
 10555 | D:9      | Reached skill level 5 in Bows
 10679 | D:9      | Killed Harold
 10680 | D:9      | Reached skill level 1 in Stealth
 10938 | D:9      | Found Rehafiha's Assorted Antiques.
 10982 | D:9      | Bought a potion of might for 92 gold pieces
 11039 | D:10     | Entered Level 10 of the Dungeon
 11331 | D:10     | Noticed Nergalle
 11348 | D:10     | Killed Nergalle
 11600 | D:10     | Reached *** piety under Wu Jian
 11966 | D:10     | Noticed a boulder beetle
 11982 | D:10     | Killed a boulder beetle
 12180 | D:10     | Found a snail-covered altar of Cheibriados.
 12359 | D:11     | Reached skill level 10 in Fighting
 12384 | D:11     | Identified the +1 great mace "Ytyv" {vorpal, rElec}
 12432 | D:11     | Reached skill level 10 in Armour
 12647 | D:11     | Reached skill level 5 in Maces & Flails
 13190 | D:12     | Found a staircase to the Orcish Mines.
 13282 | D:12     | Found Meseatav's Assorted Antiques.
 13289 | D:12     | Bought 2 scrolls of identify for 92 gold pieces
 13313 | D:12     | Reached XP level 12. HP: 106/106 MP: 11/11
 13315 | D:12     | Noticed a two-headed ogre
 13323 | D:12     | Killed a two-headed ogre
 13432 | D:12     | Noticed Josephine
 13452 | D:12     | HP: 3/98 [Josephine/ghostly fireball (21)]
 13453 | D:12     | Found a runed translucent gate.
 13453 | D:12     | Found Qut Akhlo's Weapon Shop.
 13453 | D:12     | Found a runed translucent gate.
 13453 | D:12     | Found a runed translucent gate.
 13453 | D:12     | Noticed Nessos
 13453 | D:12     | Shot with an arrow by Nessos

Illustrated notes

Levels and vault maps discovered:
D:1:      minmay_arrival_four_houses, layout_basic
D:2:      layout_loops_cross
D:3:      layout_basic, shapermc_ecumenical_altar_rom_forum,
          ebering_ghost_rock_garden, dk_noncrumbling_3, grunt_decor_fettered,
          small_statue_intersection
D:4:      cheibrodos_fertilizer, layout_loops_cross,
          mainiacjoe_overflow_tiny_flanked, uniq_robin
D:5:      layout_cave_pods, lemuel_tele_altar, kennysheep_potato, uniq_grinder
D:6:      kennysheep_steamy, layout_loops_ring, lightli_temple_of_fire,
          mainiacjoe_overflow_brackets
D:7:      layout_basic, gammafunk_temple_overflow_elements,
          minmay_temple_entry_metal_lava
D:8:      layout_rooms, mainiacjoe_overflow_alcove_4, david_lair_generic,
          nicolae_underground_beach
D:9:      layout_loops_ring, amcnicky_altar_gilded, abandoned_shop,
          nicolae_wooded_promenade, onia_ninara_cookie, uniq_harold
D:10:     layout_roguey, kennysheep_slug_shrine, kennysheep_generic_room_14,
          uniq_nergalle
D:11:     layout_rooms
D:12:     layout_small_grid, kennysheep_orc_monster_closet_entryway,
          gammafunk_ghost_nasty_kobolds, serial_shops, nicolae_shop_trees, shop,
          uniq_nessos, uniq_josephine

Skill      XL: |  1  2  3  4  5  6  7  8  9 10 11 12 |
---------------+-------------------------------------+-----
Polearms       | 1 2 3 4 5 6 7 9 |  9.0
Shields        | 4 5 6 7 |  7.0
Fighting       | 4 5 6 7 9 10 | 10.0
Armour         | 4 5 6 7 9 10 | 10.0
Slings         | 1 3 5 |  5.2
Evocations     | 4 5 |  5.3
Throwing       | 3 |  3.9
Dodging        | 5 |  5.0
Bows           | 4 7 |  7.0
Stealth        | 4 |  4.0
Maces & Flails | 6 7 |  7.4

Action                   |  1- 3 |  4- 6 |  7- 9 | 10-12 || total
-------------------------+-------+-------+-------+-------++-------
Melee: Spear             |    59 |    93 |   252 |   192 ||   596
       Headbutt          |       |     9 |    45 |    64 ||   118
       Dire flail        |       |       |       |    45 ||    45
       Punch             |       |       |       |     1 ||     1
 Fire: Hunting sling     |    26 |    93 |    93 |    20 ||   232
       Shortbow          |       |       |       |   237 ||   237
Throw: Dart              |       |       |     6 |       ||     6
Invok: Lunge             |       |       |    10 |     8 ||    18
       Whirlwind         |       |       |       |     7 ||     7
Evoke: Wand              |       |       |     1 |       ||     1
  Use: Potion            |       |     6 |     8 |     4 ||    18
       Scroll            |       |     6 |    10 |     5 ||    21
Armor: Scale mail        |    21 |    11 |       |       ||    32
       Chain mail        |       |    63 |   151 |     9 ||   223
       Skin              |       |       |    21 |       ||    21
       Acid dragon scale |       |       |       |   104 ||   104
Dodge: Dodged            |    20 |    40 |    80 |   226 ||   366
       Repelled          |       |       |     2 |     2 ||     4
Block: Buckler           |     9 |    28 |    66 |    27 ||   130
